 Dungeon Crawl Stone Soup version 0.28-a0-1510-gd0f6b136d3 (webtiles) character file.

Game seed: 15182646540731723906

4 Hasart the Insei (level 1, -5/13 HPs)
             Began as an Octopode Transmuter on Jan 14, 2022.
             Slain by a gnoll (8 damage)
             ... on level 1 of the Dungeon.
             The game lasted 00:00:13 (109 turns).

Hasart the Insei (Octopode Transmuter)               Turns: 109, Time: 00:00:14

Health: -5/13      AC:  1    Str:  9    XL:     1   Next: 70%
Magic:  2/3        EV: 13    Int: 15    God:
Gold:   11         SH:  0    Dex: 12    Spells: 3/4 levels left

rFire   . . .      SeeInvis .     - Unarmed
rCold   . . .      Faith    .   (no shield)
rNeg    . . .      Spirit   .   (helmet currently unavailable)
rPois   .          Reflect  .   (no amulet)
rElec   .          Harm     .   (no ring)
rCorr   .          Rampage  .   (no ring)
Will    .....                   (no ring)
Stlth   ++........              (no ring)
HPRegen 0.04/turn               (no ring)
MPRegen 0.08/turn               (no ring)
                                (no ring)
                                (no ring)

@: appendages
A: tentacle spike 3, almost no armour, amphibious, 8 rings, camouflage 1,
gelatinous body 1, (nimble swimmer 1), tentacles
a: End Transformation


You were on level 1 of the Dungeon.
One of your tentacles had grown a beastly spike.
You visited 1 branch of the dungeon, and saw 1 of its levels.

You collected 11 gold pieces.

You aren't carrying anything.


   Skills:
 + Level 1.1 Fighting
 + Level 2.0 Dodging
 * Level 3.1 Unarmed Combat
 + Level 2.0 Spellcasting
 + Level 2.0 Transmutations


You had 3 spell levels left.
You knew the following spells:

 Your Spells              Type           Power      Damage    Failure   Level
a - Beastly Appendage     Tmut           14%        N/A       10%         1

Your spell library contained the following spells:

 Spells                   Type           Power      Damage    Failure   Level
 Wereblood                Tmut           7%         N/A       14%         2
 Spider Form              Tmut/Pois      4%         N/A       41%         3
 Ice Form                 Ice/Tmut       4%         N/A       82%         4


Dungeon Overview and Level Annotations

Branches:
Dungeon (1/15)

Altars:


Innate Abilities, Weirdness & Mutations

One of your tentacles has grown a beastly spike.
You cannot wear most types of armour.
You are amphibious.
You can wear up to eight rings at the same time.
Your skin changes colour to match your surroundings (Stealth+).
Your rubbery body absorbs attacks. (AC +1, EV +1)
((You are camouflaged when in or above water. (Stealth+)))
You have tentacles for arms and can constrict up to eight enemies at once.


Message History

A bat comes into view.
You tentacle-slap the dart slug. You grab the dart slug.
You squeeze the dart slug.
The dart slug is severely wounded.
You constrict the dart slug. You tentacle-slap the dart slug.
The dart slug is almost dead.
You constrict the dart slug.
You kill the dart slug!
A quokka comes into view.
The bat misses you. The bat barely misses you. The bat misses you.
You tentacle-slap the bat.
You kill the bat!
You see here a +0 mace of holy wrath.
The quokka barely misses you.
You tentacle-slap the quokka but do no damage.
Your grab misses the quokka. The quokka misses you.
You barely miss the quokka. You grab the quokka. You squeeze the quokka.
You kill the quokka!
No target in view!
No target in view!
You now have 11 gold pieces.
Found a chain mail.
A gnoll comes into view. It is wielding a +0 spear.
A gnoll is nearby!
Found a stone staircase leading down.
Casting: Beastly Appendage (safe; 10% risk of failure)
Confirm with . or Enter, or press ? or * to list all spells.
One of your tentacles grows a vicious spike.
The gnoll hits you from afar with a +0 spear.
The gnoll hits you with a +0 spear.
You barely miss the gnoll. Your grab misses the gnoll.
The gnoll hits you with a +0 spear.
* * * LOW HITPOINT WARNING * * *
You tentacle-slap the gnoll. Your grab misses the gnoll.
The gnoll is moderately wounded.
The gnoll hits you with a +0 spear!
Ouch! That really hurt!
You die...

#.### ..# .### #. #.#..
..##>#.. #..
#!#.###...... #..
#.#.....#..#
###..##.........###
.......$..........
.##...#........######
..#..#.......@g......
.#........#.........###
...............######
#.........##.###
##.........##.#
#.............#
...#.##.##.####
.#.#.##.##.#
.#.#.##.##.#


You could see a gnoll.

Vanquished Creatures
  A dart slug (D:1)
  A quokka (D:1)
  A bat (D:1)
3 creatures vanquished.

Notes
Turn   | Place    | Note
-------+----------+-------------------------------------------
     0 | D:1      | Hasart the Octopode Transmuter began the quest for the Orb.
     0 | D:1      | Reached XP level 1. HP: 13/13 MP: 3/3
   109 | D:1      | Slain by a gnoll

Illustrated notes

Levels and vault maps discovered:
D:1:      giann_horns, layout_rooms, ebering_ecumenical_altar_sacrificial,
          minmay_rat_gold_closets

Action                   || total
-------------------------++-------
Melee: Unarmed           ||     7
       Constrict         ||     2
       Tentacles         ||     2
 Cast: Beastly Appendage ||     1
Dodge: Dodged            ||     6

Table legend: (Time is in decaauts)
 A = Elapsed time spent in this place.
 B = Non-inter-level travel time spent in this place.
 C = Inter-level travel time spent in this place.
 D = Time resting spent in this place.
 E = Time spent auto-exploring this place.
 F = Levels seen in this place.
 G = Mean time per level.
                   A        B        C        D        E       F      G
               +--------+--------+--------+--------+--------+-----+--------+
         Total |    108 |    108 |      0 |      0 |     78 |   1 |  108.0 |
       Dungeon |    108 |    108 |      0 |      0 |     78 |   1 |  108.0 |
               +--------+--------+--------+--------+--------+-----+--------+

Top non-repeatable levels by time:
     D:1: 108 daAuts
